TOP OF THE 1ST |
Washington Generals batting - Pitching for Athletic Club KC U-21 : RHP Lester Roadley
|
Pitching: RHP Lester Roadley
|
|
Batting: RHB Mike Lipide
|
0-0: Called Strike 0-1: Called Strike 0-2: Strikes out swinging
|
Batting: RHB Jeremy Geertsen
|
0-0: Called Strike 0-1: Ball 1-1: Called Strike 1-2: Foul Ball, location: 2F 1-2: Ball 2-2: Strikes out swinging
|
Batting: RHB Chad Silander
|
0-0: Ball 1-0: Foul Ball, location: 2F 1-1: Ball 2-1: Ball 3-1: Base on Balls
|
Batting: RHB Daryl Yandell
|
0-0: Called Strike 0-1: Ball 1-1: Foul Ball, location: 2F 1-2: Strikes out swinging
|
Top of the 1st over - 0 runs, 0 hits, 0 errors, 1 left on base; Washington 0 - Athletic Club KC 0 |
BOTTOM OF THE 1ST |
Athletic Club KC U-21 batting - Pitching for Washington Generals : RHP Jeff Rollins
|
Pitching: RHP Jeff Rollins
|
|
Batting: LHB José Antonio Mireles
|
0-0: Called Strike 0-1: Foul Ball, location: 2F 0-2: Ball 1-2: Ball 2-2: Foul Ball, location: 2F 2-2: Foul Ball, location: 2F 2-2: Ground out 5-3 (Groundball, 5)
|
Batting: RHB Leonardo Hernández
|
0-0: Ball 1-0: SINGLE (Groundball, 56) (infield hit)
|
Batting: RHB José Hernández
|
0-0: Called Strike 0-1: Foul Ball, location: 2F 0-2: Ball 1-2: Ball 2-2: Ball 3-2: Strikes out swinging Leonardo Hernández is caught stealing 2nd base Batter strikes out.
|
Bottom of the 1st over - 0 runs, 1 hit, 0 errors, 0 left on base; Washington 0 - Athletic Club KC 0 |
TOP OF THE 2ND |
Washington Generals batting - Pitching for Athletic Club KC U-21 : RHP Lester Roadley
|
Batting: RHB Franklin Rascón
|
0-0: Ball 1-0: Ball 2-0: Ball 3-0: Called Strike 3-1: Foul Ball, location: 2F 3-2: Foul Ball, location: 2F 3-2: Strikes out looking
|
Batting: RHB Michael Palledorous
|
0-0: Ball 1-0: Foul Ball, location: 2F 1-1: Ball 2-1: SINGLE (Line Drive, 89M)
|
Batting: RHB Bill Perkins
|
0-0: DOUBLE (Flyball, 78D) Michael Palledorous to third
|
Batting: RHB Júlio Rodríguez
|
0-0: Ball 1-0: Ball 2-0: Ball 3-0: Called Strike 3-1: Fly out, F6 (Line Drive, 6M)
|
Batting: RHB Dan Vanblarcom
|
0-0: Foul Ball, location: 2F 0-1: Swinging Strike 0-2: Ball 1-2: Strikes out swinging
|
Top of the 2nd over - 0 runs, 2 hits, 0 errors, 2 left on base; Washington 0 - Athletic Club KC 0 |
BOTTOM OF THE 2ND |
Athletic Club KC U-21 batting - Pitching for Washington Generals : RHP Jeff Rollins
|
Batting: LHB Miguel Vásquez
|
0-0: Ball 1-0: SINGLE (Line Drive, 4M)
|
Batting: RHB Ted Hansen
|
0-0: Ball 1-0: Called Strike 1-1: Called Strike Miguel Vásquez steals 2nd base 1-2: Ball 2-2: Foul Ball, location: 2F 2-2: Foul Ball, location: 2F 2-2: Ball 3-2: Fly out, F9 (Flyball, 9S)
|
Batting: RHB Francisco Vigil
|
0-0: Swinging Strike Balk! Miguel Vásquez to third 0-1: Ball 1-1: Called Strike 1-2: Strikes out looking
|
Batting: RHB Bing-zhong Wu
|
0-0: Called Strike 0-1: Foul Ball, location: 2F 0-2: Ground out 6-3 (Groundball, 6)
|
Bottom of the 2nd over - 0 runs, 1 hit, 0 errors, 1 left on base; Washington 0 - Athletic Club KC 0 |
TOP OF THE 3RD |
Washington Generals batting - Pitching for Athletic Club KC U-21 : RHP Lester Roadley
|
Batting: RHB Mike Lipide
|
0-0: Called Strike 0-1: Ball 1-1: Called Strike 1-2: Ball 2-2: Fly out, F6 (Line Drive, 56)
|
Batting: RHB Jeremy Geertsen
|
0-0: DOUBLE (Line Drive, 9LS)
|
Batting: RHB Chad Silander
|
0-0: SINGLE (Popup, 5D) Jeremy Geertsen to third Runner from 3rd tries for Home, SAFE, no throw
|
Batting: RHB Daryl Yandell
|
0-0: Called Strike 0-1: SINGLE (Line Drive, 56D) Chad Silander to second
|
Batting: RHB Franklin Rascón
|
0-0: Ball 1-0: Ball 2-0: Foul Ball, location: 2F 2-1: Ball 3-1: Called Strike 3-2: 3-RUN HOME RUN (Flyball, 7LD), Distance : 350 ft
|
Batting: RHB Michael Palledorous
|
0-0: Called Strike 0-1: Foul Ball, location: 2F 0-2: Ball 1-2: Strikes out swinging
|
Batting: RHB Bill Perkins
|
0-0: Ball 1-0: Fly out, F9 (Flyball, 9S)
|
Top of the 3rd over - 4 runs, 4 hits, 0 errors, 0 left on base; Washington 4 - Athletic Club KC 0 |
BOTTOM OF THE 3RD |
Athletic Club KC U-21 batting - Pitching for Washington Generals : RHP Jeff Rollins
|
Batting: RHB José Torres
|
0-0: Ball 1-0: Swinging Strike 1-1: Foul Ball, location: 2F 1-2: Strikes out swinging
|
Batting: SHB Martín Gonzáles
|
0-0: Called Strike 0-1: Fly out, F7 (Flyball, 7D)
|
Batting: LHB José Antonio Mireles
|
0-0: SINGLE (Line Drive, 7LS)
|
Batting: RHB Leonardo Hernández
|
0-0: Swinging Strike 0-1: Fielders Choice at 2nd, 5-4 (Groundball, 56)
|
Bottom of the 3rd over - 0 runs, 1 hit, 0 errors, 1 left on base; Washington 4 - Athletic Club KC 0 |
TOP OF THE 4TH |
Washington Generals batting - Pitching for Athletic Club KC U-21 : RHP Lester Roadley
|
Batting: RHB Júlio Rodríguez
|
0-0: Ball 1-0: Ball 2-0: Called Strike 2-1: Swinging Strike 2-2: Reached on error, E6 (Groundball, 6)
|
Batting: RHB Dan Vanblarcom
|
0-0: Called Strike 0-1: Ball 1-1: Foul Ball, location: 2F 1-2: SINGLE (Line Drive, 9S) Júlio Rodríguez to second
|
Batting: RHB Mike Lipide
|
0-0: Called Strike 0-1: Swinging Strike 0-2: Ball 1-2: Ball 2-2: Grounds into double play, 6-4-3 (Groundball, 6) Júlio Rodríguez to third
|
Batting: RHB Jeremy Geertsen
|
0-0: Fly out, F4 (Line Drive, 4M)
|
Top of the 4th over - 0 runs, 1 hit, 1 error, 1 left on base; Washington 4 - Athletic Club KC 0 |
BOTTOM OF THE 4TH |
Athletic Club KC U-21 batting - Pitching for Washington Generals : RHP Jeff Rollins
|
Batting: RHB José Hernández
|
0-0: Swinging Strike 0-1: Ball 1-1: Called Strike 1-2: Strikes out swinging, 2-3 out at first.
|
Batting: LHB Miguel Vásquez
|
0-0: Called Strike 0-1: Swinging Strike 0-2: Fly out, F8 (Flyball, 8RD)
|
Batting: RHB Ted Hansen
|
0-0: Foul Ball, location: 2F 0-1: Called Strike 0-2: Ball 1-2: Ball 2-2: DOUBLE (Line Drive, 9LS)
|
Batting: RHB Francisco Vigil
|
0-0: Called Strike 0-1: Ground out 1-3 (Groundball, 13)
|
Bottom of the 4th over - 0 runs, 1 hit, 0 errors, 1 left on base; Washington 4 - Athletic Club KC 0 |
TOP OF THE 5TH |
Washington Generals batting - Pitching for Athletic Club KC U-21 : RHP Lester Roadley
|
Batting: RHB Chad Silander
|
0-0: Called Strike 0-1: DOUBLE (Line Drive, 78D)
|
Batting: RHB Daryl Yandell
|
0-0: Ball 1-0: Ground out U3 (Groundball, 3) Chad Silander to third
|
Batting: RHB Franklin Rascón
|
0-0: Intentional Walk
|
Batting: RHB Michael Palledorous
|
0-0: Ball 1-0: Foul Ball, location: 2F 1-1: DOUBLE (Line Drive, 78XD) Chad Silander scores Franklin Rascón to third
|
Pitching: LHP Todd Serrano
|
|
Batting: RHB Bill Perkins
|
0-0: Intentional Walk
|
Batting: RHB Júlio Rodríguez
|
0-0: Ball 1-0: Ball 2-0: Called Strike 2-1: Grounds into fielders choice 5-2 (Groundball, 5) Michael Palledorous to third Bill Perkins to second
|
Batting: RHB Dan Vanblarcom
|
0-0: Fielders Choice at 2nd, 6-4 (Groundball, 6)
|
Top of the 5th over - 1 run, 2 hits, 0 errors, 3 left on base; Washington 5 - Athletic Club KC 0 |
BOTTOM OF THE 5TH |
Athletic Club KC U-21 batting - Pitching for Washington Generals : RHP Jeff Rollins
|
Batting: RHB Bing-zhong Wu
|
0-0: Foul Ball, location: 2F 0-1: Called Strike 0-2: DOUBLE (Line Drive, 78D)
|
Batting: RHB José Torres
|
0-0: Called Strike 0-1: Ball 1-1: Ball 2-1: Ball 3-1: Foul Ball, location: 2F 3-2: Foul Ball, location: 2F 3-2: Foul Ball, location: 2F 3-2: Base on Balls
|
Batting: SHB Martín Gonzáles
|
0-0: Ball 1-0: Ball 2-0: Called Strike 2-1: Fly out, F7 (Flyball, 7)
|
Batting: LHB José Antonio Mireles
|
0-0: Called Strike 0-1: Swinging Strike 0-2: Strikes out looking
|
Batting: RHB Leonardo Hernández
|
0-0: Ball 1-0: SINGLE (Line Drive, 6MD) Bing-zhong Wu to third José Torres to second
|
Batting: RHB José Hernández
|
0-0: Hit by Pitch Bing-zhong Wu scores José Torres to third Leonardo Hernández to second
|
Batting: LHB Miguel Vásquez
|
0-0: Ball 1-0: Called Strike 1-1: Ground out 4-3 (Groundball, 4MS)
|
Bottom of the 5th over - 1 run, 2 hits, 0 errors, 3 left on base; Washington 5 - Athletic Club KC 1 |
TOP OF THE 6TH |
Washington Generals batting - Pitching for Athletic Club KC U-21 : LHP Todd Serrano
|
Batting: RHB Mike Lipide
|
0-0: Ball 1-0: Ball 2-0: Foul Ball, location: 2F 2-1: DOUBLE (Line Drive, 89D)
|
Batting: RHB Jeremy Geertsen
|
0-0: Ball 1-0: Ball Mike Lipide steals 3rd base 2-0: Ball 3-0: Called Strike 3-1: Called Strike 3-2: SINGLE (Flyball, 9LS) Mike Lipide scores
|
Batting: RHB Chad Silander
|
0-0: Ball 1-0: Called Strike 1-1: Foul Ball, location: 2F 1-2: Fly out, F4 (Popup, 34D)
|
Batting: RHB Daryl Yandell
|
0-0: Ball 1-0: Called Strike 1-1: SINGLE (Flyball, 89S) Jeremy Geertsen to second Runner from 2nd tries for 3rd, SAFE, no throw
|
Batting: RHB Franklin Rascón
|
0-0: Swinging Strike 0-1: Ball 1-1: Foul Ball, location: 2F 1-2: Strikes out swinging
|
Batting: RHB Michael Palledorous
|
0-0: Ball 1-0: Ball 2-0: Fly out, F8 (Line Drive, 8RD)
|
Top of the 6th over - 1 run, 3 hits, 0 errors, 2 left on base; Washington 6 - Athletic Club KC 1 |
BOTTOM OF THE 6TH |
Athletic Club KC U-21 batting - Pitching for Washington Generals : RHP Jeff Rollins
|
Batting: RHB Ted Hansen
|
0-0: Ball 1-0: Ball 2-0: Foul Ball, location: 2F 2-1: Foul Ball, location: 2F 2-2: Strikes out swinging
|
Batting: RHB Francisco Vigil
|
0-0: Called Strike 0-1: Foul Ball, location: 2F 0-2: Strikes out looking
|
Batting: RHB Bing-zhong Wu
|
0-0: Ball 1-0: Foul Ball, location: 2F 1-1: SINGLE (Flyball, 7S)
|
Batting: RHB José Torres
|
Pickoff Throw to First - Error! E1 Bing-zhong Wu to second 0-0: Called Strike 0-1: Swinging Strike 0-2: Strikes out swinging
|
Bottom of the 6th over - 0 runs, 1 hit, 1 error, 1 left on base; Washington 6 - Athletic Club KC 1 |
TOP OF THE 7TH |
Washington Generals batting - Pitching for Athletic Club KC U-21 : LHP Todd Serrano
|
Batting: RHB Bill Perkins
|
0-0: Ball 1-0: Foul Ball, location: 2F 1-1: Ball 2-1: Ground out 5-3 (Groundball, 56S)
|
Batting: RHB Júlio Rodríguez
|
0-0: Called Strike 0-1: DOUBLE (Flyball, 8RXD)
|
Batting: RHB Dan Vanblarcom
|
0-0: DOUBLE (Flyball, 7LD) Júlio Rodríguez scores
|
Batting: RHB Mike Lipide
|
0-0: Called Strike 0-1: Ball 1-1: Fly out, F7 (Flyball, 78D)
|
Batting: RHB Jeremy Geertsen
|
0-0: Foul Ball, location: 2F 0-1: Ball 1-1: Fly out, F3 (Line Drive, 3)
|
Top of the 7th over - 1 run, 2 hits, 0 errors, 1 left on base; Washington 7 - Athletic Club KC 1 |
BOTTOM OF THE 7TH |
Athletic Club KC U-21 batting - Pitching for Washington Generals : RHP Jeff Rollins
|
Batting: SHB Martín Gonzáles
|
0-0: SINGLE (Line Drive, 89M)
|
Batting: LHB José Antonio Mireles
|
0-0: Ball 1-0: Called Strike 1-1: Foul Ball, location: 2F 1-2: Fly out, F7 (Flyball, 7LS)
|
Batting: RHB Leonardo Hernández
|
0-0: 2-RUN HOME RUN (Line Drive, 7D), Distance : 394 ft
|
Batting: RHB José Hernández
|
0-0: Fly out, F3 (Line Drive, 3S)
|
Batting: LHB Miguel Vásquez
|
0-0: Ball 1-0: Called Strike 1-1: Called Strike 1-2: Foul Ball, location: 2F 1-2: Ball 2-2: SINGLE (Groundball, 6MS) (infield hit)
|
Pitching: RHP Álex Hernández
|
|
Batting: RHB Ted Hansen
|
0-0: Ball Wild Pitch! Miguel Vásquez to second 1-0: Fly out, F9 (Flyball, 89S)
|
Bottom of the 7th over - 2 runs, 3 hits, 0 errors, 1 left on base; Washington 7 - Athletic Club KC 3 |
TOP OF THE 8TH |
Washington Generals batting - Pitching for Athletic Club KC U-21 : LHP Todd Serrano
|
Batting: RHB Chad Silander
|
0-0: Called Strike 0-1: Ball 1-1: Called Strike 1-2: SINGLE (Groundball, 6MD)
|
Batting: RHB Daryl Yandell
|
0-0: Ball 1-0: Ball 2-0: Ball 3-0: Called Strike 3-1: Foul Ball, location: 2F 3-2: Strikes out swinging
|
Batting: RHB Franklin Rascón
|
0-0: Ball 1-0: Ball 2-0: Called Strike 2-1: Ball 3-1: Foul Ball, location: 2F 3-2: Strikes out looking
|
Batting: RHB Michael Palledorous
|
0-0: Called Strike 0-1: Ball 1-1: Ground out 4-3 (Groundball, 34)
|
Top of the 8th over - 0 runs, 1 hit, 0 errors, 1 left on base; Washington 7 - Athletic Club KC 3 |
BOTTOM OF THE 8TH |
Athletic Club KC U-21 batting - Pitching for Washington Generals : RHP Álex Hernández
|
Batting: RHB Francisco Vigil
|
0-0: Fly out, F3 (Line Drive, 34)
|
Batting: RHB Bing-zhong Wu
|
0-0: Reached on error, E3 (Groundball, 34)
|
Batting: RHB José Torres
|
0-0: Ball 1-0: Foul Ball, location: 2F 1-1: SINGLE (Groundball, 6MD) Bing-zhong Wu to second
|
Batting: SHB Martín Gonzáles
|
0-0: Foul Ball, location: 2F 0-1: Called Strike 0-2: Strikes out looking
|
Batting: LHB José Antonio Mireles
|
0-0: Ball 1-0: Ball 2-0: Ball 3-0: Called Strike 3-1: Foul Ball, location: 2F 3-2: Foul Ball, location: 2F 3-2: Base on Balls Bing-zhong Wu to third José Torres to second
|
Batting: RHB Leonardo Hernández
|
0-0: Foul Ball, location: 2F 0-1: Ball 1-1: Fielders Choice at 2nd, 6-4 (Groundball, 6)
|
Bottom of the 8th over - 0 runs, 1 hit, 1 error, 3 left on base; Washington 7 - Athletic Club KC 3 |
TOP OF THE 9TH |
Washington Generals batting - Pitching for Athletic Club KC U-21 : LHP Todd Serrano
|
Batting: RHB Bill Perkins
|
0-0: Ball 1-0: Called Strike 1-1: Ball 2-1: Foul Ball, location: 2F 2-2: Fly out, F7 (Flyball, 7D)
|
Batting: RHB Júlio Rodríguez
|
0-0: Called Strike 0-1: Ball 1-1: Called Strike 1-2: Ball 2-2: Ball 3-2: Foul Ball, location: 2F 3-2: SINGLE (Groundball, 56D)
|
Batting: RHB Dan Vanblarcom
|
0-0: Ball 1-0: Called Strike 1-1: Ball 2-1: Foul Ball, location: 2F 2-2: Grounds into double play, 4-6-3 (Groundball, 4)
|
Top of the 9th over - 0 runs, 1 hit, 0 errors, 0 left on base; Washington 7 - Athletic Club KC 3 |
BOTTOM OF THE 9TH |
Athletic Club KC U-21 batting - Pitching for Washington Generals : RHP Álex Hernández
|
Batting: RHB José Hernández
|
0-0: Called Strike 0-1: Ball 1-1: Swinging Strike 1-2: Ball 2-2: Ball 3-2: Foul Ball, location: 2F 3-2: Base on Balls
|
Batting: LHB Miguel Vásquez
|
0-0: Called Strike 0-1: Ball 1-1: Foul Ball, location: 2F 1-2: Foul Ball, location: 2F 1-2: Strikes out swinging
|
Batting: RHB Ted Hansen
|
0-0: Called Strike 0-1: Ball 1-1: SINGLE (Groundball, 56S) (infield hit) José Hernández to second
|
Batting: RHB Francisco Vigil
|
0-0: Called Strike 0-1: Ball 1-1: Swinging Strike 1-2: Foul Ball, location: 2F 1-2: Ball 2-2: Foul Ball, location: 2F 2-2: Ball 3-2: Strikes out swinging
|
Batting: RHB Bing-zhong Wu
|
0-0: Ball 1-0: Called Strike 1-1: Called Strike 1-2: SINGLE (Line Drive, 56D) José Hernández to third Ted Hansen to second
|
Batting: RHB José Torres
|
0-0: Ball 1-0: Fly out, F4 (Line Drive, 4)
|
Bottom of the 9th over - 0 runs, 2 hits, 0 errors, 3 left on base; Washington 7 - Athletic Club KC 3 |
|